 Dungeon Crawl Stone Soup version 0.28-b1-25-g9875b3fc8c (webtiles) character file.

Game seed: 7878832354438605771

693117 dorian the Invulnerable (level 27, -15/151 (176) HPs)
             Began as a Gargoyle Fighter on Feb 7, 2022.
             Was the Champion of the Shining One.
             Killed from afar by a Hell Sentinel (40 damage)
             ... with damnation
             ... on level 4 of the Iron City of Dis on Feb 8, 2022.
             The game lasted 03:05:30 (92948 turns).

dorian the Invulnerable (Gargoyle Fighter)         Turns: 92948, Time: 03:05:31

HP:   -15/151 (176) AC: 67    Str: 29 (30) XL:     27
MP:   29/36         EV:  9    Int:  6 (11) God:    the Shining One [******]
Gold: 3489          SH: 37    Dex: 15 (16) Spells: 26/26 levels left

rFire   + + .      SeeInvis +   Y - +9 broad axe (holy)
rCold   + + +      Faith    .   R - +8 tower shield {AC+3}
rNeg    + + +      Spirit   .   e - +12 gold dragon scales
rPois   ∞          Reflect  +   P - -2 hat of the Alchemist {rElec rPois rF+ rC+ rN+ Will+ rMut rCorr}
rElec   +          Harm     .   v - +2 cloak {rPois}
rCorr   +          Rampage  ∞   g - +2 pair of gloves {Stlth+}
rMut    +                       l - +3 pair of seven-league boots {Rampage+∞}
Will    ++++.                   a - amulet "Aquwnu" {Reflect *Corrode rPois SH+5 Stlth+}
Stlth   ..........              L - ring "Inuluoro" {Wiz Contam rC+ rN+ Will+}
HPRegen 0.35/turn               H - ring of the Octopus King {AC+1 EV+1 Str+1 Int+1 Dex+1 SInv}
MPRegen 0.25/turn

@: flying, glowing, studying 3 skills, heavily drained, corroded
A: sickness immunity, AC +20, big wings, negative energy resistance 1,
electricity resistance, torment resistance 1, petrification resistance, agile 1,
deterioration 1, frail 1
}: 4/15 runes: serpentine, barnacled, slimy, silver
a: Renounce Religion, Divine Shield, Cleansing Flame, Summon Divine Warrior


You were on level 4 of the Iron City of Dis.
You worshipped the Shining One.
The Shining One was exalted by your worship.
You visited 15 branches of the dungeon, and saw 64 of its levels.
You visited the Abyss 1 time.
You visited 2 bazaars.
You also visited: Ice Cave.

You collected 8000 gold pieces.
You spent 4511 gold pieces at shops.

Inventory:

Hand Weapons
 t - a +1 vorpal broad axe
 N - a +4 battleaxe of flaming
 U - a +6 vorpal executioner's axe
 Y - a +9 broad axe of holy wrath (weapon)
Missiles
 B - 12 silver javelins (quivered)
 T - 8 silver boomerangs
Armour
 e - +12 gold dragon scales (worn)
 g - a +2 pair of gloves of stealth (worn)
 l - the +3 pair of seven-league boots (worn) {Rampage+∞}
   (You bought it in a shop on level 3 of the Depths)

   Its wearer moves as far as possible in that direction when moving towards
   enemies.
 v - a +2 cloak of poison resistance (worn)
 P - the -2 hat of the Alchemist (worn) {rElec rPois rF+ rC+ rN+ Will+ rMut rCorr}
   (You bought it in a shop in a bazaar)

   rF:        It protects you from fire.
   rC:        It protects you from cold.
   rElec:     It insulates you from electricity.
   rPois:     It protects you from poison.
   rN:        It protects you from negative energy.
   rCorr:     It protects you from acid and corrosion.
   rMut:      It protects you from mutation.
   Will:      It increases your willpower.
 R - a +8 tower shield of protection (worn)
Jewellery
 a - the amulet "Aquwnu" (around neck) {Reflect *Corrode rPois SH+5 Stlth+}
   (You bought it in a shop on level 4 of the Snake Pit)

   [amulet of reflection]

   It reflects blocked missile attacks.
   rPois:     It protects you from poison.
   *Corrode:  It may corrode you when you take damage.
   SH:        It affects your SH (+5).
   Stlth:     It makes you more stealthy.
 f - the ring "Xoq Ask" {rCorr EV+4 Str+3 Dex+4}
   (You took it off a merfolk impaler on level 3 of the Shoals)

   [ring of evasion]

   EV:        It affects your evasion (+4).
   Str:       It affects your strength (+3).
   Dex:       It affects your dexterity (+4).
   rCorr:     It protects you from acid and corrosion.
 H - a ring of the Octopus King (right hand) {AC+1 EV+1 Str+1 Int+1 Dex+1 SInv}
   (You found it on level 6 of the Dungeon)

   [ring of see invisible]

   AC:        It affects your AC (+1).
   EV:        It affects your evasion (+1).
   Str:       It affects your strength (+1).
   Int:       It affects your intelligence (+1).
   Dex:       It affects your dexterity (+1).
   SInv:      It lets you see invisible.
 L - the ring "Inuluoro" (left hand) {Wiz Contam rC+ rN+ Will+}
   (You acquired it on level 3 of the Snake Pit)

   [ring of wizardry]

   It improves your spell success rate.
   rC:        It protects you from cold.
   rN:        It protects you from negative energy.
   Contam:    It causes magical contamination when unequipped.
   Will:      It increases your willpower.
Wands
 h - a wand of iceblast (54)
 p - a wand of mindburst (19)
 s - a wand of acid (3)
 u - a wand of digging (17)
 y - a wand of polymorph (5)
 E - a wand of paralysis (2)
 M - a wand of flame (30)
Scrolls
 c - 2 scrolls of silence
 j - 4 scrolls of blinking
 m - a scroll of enchant armour
 q - 7 scrolls of magic mapping
 r - 10 scrolls of immolation
 x - 4 scrolls of fear
 C - 10 scrolls of fog
 I - 21 scrolls of teleportation
 K - a scroll of brand weapon
 Q - 4 scrolls of holy word
 V - 2 scrolls of summoning
 Z - 5 scrolls of amnesia
Potions
 b - 29 potions of curing
 i - 2 potions of mutation
 k - 12 potions of attraction
 n - 6 potions of berserk rage
 o - 8 potions of heal wounds
 z - 3 potions of ambrosia
 A - 8 potions of haste
 D - 3 potions of brilliance
 F - 2 potions of resistance
 G - 4 potions of cancellation
 O - 8 potions of might
 X - 9 potions of magic
Miscellaneous
 d - a phantom mirror
 w - a phantom mirror
 J - a phial of floods
 S - a lightning rod (4/4)
 W - a tin of tremorstones (2/2)


   Skills:
 + Level 26.2 Fighting
 + Level 25.0 Axes
 O Level 27 Armour
 - Level 25.0 Shields
 * Level 19.7 Invocations


You had 26 spell levels left.
You didn't know any spells.
Your spell library contained the following spells:

 Spells                   Type           Power      Damage    Failure   Level
 Animate Skeleton         Necr           0%         N/A       77%         1
 Apportation              Tloc           0%         N/A       77%         1
 Beastly Appendage        Tmut           0%         N/A       77%         1
 Foxfire                  Conj/Fire      0%         2x1d4     77%         1
 Freeze                   Ice            0%         1d3       77%         1
 Pain                     Necr           0%         1d4       77%         1
 Sandblast                Erth           0%         2d4       77%         1
 Shock                    Conj/Air       0%         1d3       77%         1
 Summon Small Mammal      Summ           0%         N/A       77%         1
 Ensorcelled Hibernation  Hex/Ice        0%         N/A       87%         2
 Passwall                 Tmut/Erth      0%         N/A       87%         2
 Static Discharge         Conj/Air       0%         N/A       87%         2
 Wereblood                Tmut           0%         N/A       87%         2
 Call Canine Familiar     Summ           0%         N/A       98%         3
 Confusing Touch          Hex            0%         N/A       98%         3
 Conjure Flame            Conj/Fire      0%         6-21      98%         3
 Dazzling Flash           Conj/Hex       0%         N/A       98%         3
 Frozen Ramparts          Ice            0%         1d2       98%         3
 Gell's Gravitas          Tloc           0%         N/A       98%         3
 Ignite Poison            Fire/Tmut/Pois 0%         N/A       98%         3
 Inner Flame              Hex/Fire       0%         N/A       98%         3
 Mephitic Cloud           Conj/Pois/Air  0%         N/A       98%         3
 Ozocubu's Armour         Ice            0%         N/A       98%         3
 Portal Projectile        Hex/Tloc       0%         N/A       98%         3
 Spider Form              Tmut/Pois      0%         N/A       98%         3
 Summon Guardian Golem    Hex/Summ       0%         N/A       98%         3
 Swiftness                Air            0%         N/A       98%         3
 Teleport Other           Tloc           0%         N/A       98%         3
 Vampiric Draining        Necr           0%         2d6       98%         3
 Airstrike                Air            0%         N/A       100%        4
 Animate Dead             Necr           0%         N/A       100%        4
 Dispel Undead            Necr           0%         3d6       100%        4
 Flame Wave               Conj/Fire      0%         2d4       100%        4
 Fulminant Prism          Conj/Hex       0%         3d6       100%        4
 Hailstorm                Conj/Ice       0%         3d3       100%        4
 Iskenderun's Mystic Bla  Conj/Tloc      0%         2d3       100%        4
 Leda's Liquefaction      Hex/Erth       0%         N/A       100%        4
 Petrify                  Tmut/Erth      0%         N/A       100%        4
 Sticky Flame             Conj/Fire      0%         2d3       100%        4
 Summon Ice Beast         Ice/Summ       0%         N/A       100%        4
 Agony                    Necr           0%         N/A       100%        5
 Alistair's Intoxication  Tmut/Pois      0%         N/A       100%        5
 Borgnjor's Vile Clutch   Necr/Erth      0%         N/A       100%        5
 Excruciating Wounds      Necr           0%         N/A       100%        5
 Fireball                 Conj/Fire      0%         3d3       100%        5
 Freezing Cloud           Conj/Ice/Air   0%         6-21      100%        5
 Lee's Rapid Deconstruct  Erth           0%         3d5*      100%        5
 Lightning Bolt           Conj/Air       0%         1d11      100%        5
 Metabolic Englaciation   Hex/Ice        0%         N/A       100%        5
 Silence                  Hex/Air        0%         N/A       100%        5
 Summon Forest            Summ/Tloc      0%         N/A       100%        5
 Summon Mana Viper        Hex/Summ       0%         N/A       100%        5
 Yara's Violent Unravell  Hex/Tmut       0%         3d3       100%        5
 Dispersal                Tloc           0%         N/A       100%        6
 Eringya's Noxious Bog    Tmut/Pois      0%         N/A       100%        6
 Simulacrum               Ice/Necr       0%         N/A       100%        6
 Starburst                Conj/Fire      0%         6d3       100%        6
 Summon Cactus Giant      Summ           0%         N/A       100%        6
 Enfeeble                 Hex            0%         N/A       100%        7
 Haunt                    Necr/Summ      0%         N/A       100%        7
 Malign Gateway           Summ/Tloc      0%         N/A       100%        7
 Monstrous Menagerie      Summ           0%         N/A       100%        7
 Ozocubu's Refrigeration  Ice            0%         4d5       100%        7
 Summon Hydra             Summ           0%         N/A       100%        7
 Discord                  Hex            0%         N/A       100%        8
 Disjunction              Tloc           0%         N/A       100%        8
 Ignition                 Fire           0%         3d3       100%        8
 Infestation              Necr           0%         N/A       100%        8
 Maxwell's Capacitive Co  Air            0%         ∞         100%        8
 Summon Horrible Things   Summ           0%         N/A       100%        8
 Statue Form              Tmut/Erth      Unusable   N/A       N/A         6

Dungeon Overview and Level Annotations

Branches:
Dungeon (15/15)            Temple (1/1) D:5            Lair (6/6) D:9
 Shoals (4/4) Lair:4        Snake (4/4) Lair:2        Slime (5/5) Lair:5
    Orc (2/2) D:12            Elf (3/3) Orc:2        Vaults (5/5) D:13
  Crypt (3/3) Vaults:3       Tomb (2/3) Crypt:3      Depths (4/4) D:15
   Hell (visited)             Dis (4/7) Hell            Geh (0/7) Hell
    Coc (0/7) Hell            Tar (0/7) Hell            Zot (5/5) Depths:4
  IceCv (visited)

Altars:
Ashenzari
Cheibriados
Dithmenos
Gozag
Hepliaklqana
Kikubaaqudgha
Makhleb
Nemelex Xobeh
Qazlal
Uskayaw
Vehumet
Xom
Zin
The Shining One
Beogh

Shops:
D:4 (=   D:15 :   Orc:2 (*:[   Elf:1 [   Elf:3 (   Shoals:2 !   Snake:2 ?(
Snake:4 [:=:   Zot:4 *   Depths:1 !   Depths:3 [   Depths:4 =

Portals:
Hell: Depths:1 Depths:2 Depths:3 Depths:4
Abyss: Depths:1 Depths:3 Depths:4
Pandemonium: Depths:2 Depths:4
Ziggurat: Depths:1
Trove: Vaults:1 (lose all piety)

Annotations:
Tomb:2 Khufu


Innate Abilities, Weirdness & Mutations

You are immune to sickness and miasma.
Your stone body is resilient. (AC +20)
You are immune to poison.
Your large and strong wings let you fly.
You resist negative energy. (rN+)
You are resistant to electric shocks. (rElec)
You are resistant to unholy torment.
You are immune to petrification.
You are agile. (Dex +2)
Your body sometimes deteriorates upon taking damage.
You are frail. (-10% HP)


Message History

The Hell Sentinel completely resists.
The damnation engulfs you!!
* * * LOW HITPOINT WARNING * * *
The damnation engulfs your angel!!
Your angel gestures.
Your angel is healed somewhat.
Unknown command.
You feel much better.
Your angel hits the Hell Sentinel with a +3 whip of holy wrath!!
The Hell Sentinel convulses!!
Your angel hits the Hell Sentinel with a +3 whip of holy wrath!
The Hell Sentinel convulses.
You block the Hell Sentinel's attack. x2
The Hell Sentinel misses your angel. The Hell Sentinel hits your angel!!
You slice the Hell Sentinel!!
The Hell Sentinel convulses!
The Hell Sentinel is heavily wounded.
Your angel hits the Hell Sentinel with a +3 whip of holy wrath!
The Hell Sentinel convulses!
Your angel hits the Hell Sentinel with a +3 whip of holy wrath!
The Hell Sentinel convulses.
You slash the Hell Sentinel!
The Hell Sentinel convulses!
The Hell Sentinel is heavily wounded.
Your angel hits the Hell Sentinel with a +3 whip of holy wrath!
The Hell Sentinel convulses!!
Your angel hits the Hell Sentinel but does no damage.
You block the Hell Sentinel's attack. x2
The Hell Sentinel gestures at your angel.
The iron shot hits your angel!
Your angel dies!
Your angel dissolves into sparkling lights!
The Hell Sentinel roars!
Unknown command.
You slash the Hell Sentinel!
The Hell Sentinel convulses!
The Hell Sentinel is severely wounded.
The Hell Sentinel hits you but does no damage. x2
The Hell Sentinel gestures at you.
The sphere of damnation explodes!
The damnation engulfs the Hell Sentinel.
The Hell Sentinel completely resists.
The damnation engulfs the Hell Sentinel.
The Hell Sentinel completely resists.
The damnation engulfs you!!!
You die...

#+###### #......#
#......# #......#
#......# #+##
###+###......#
.....#.....#......#
.....1.....##'#####
#1@...#......#
#....)#.8..8.#
#.....'......#
###########'##
#...∩..'.....#
#......#.....#
#......#.....#
#......#.....#
##############


You could see 2 Hell Sentinels.

Vanquished Creatures
  5 dread liches
  An ancient lich (Vaults:5)
  8 orbs of fire
  Mennas (Tomb:1)
  2 royal mummies (Tomb:1)
  Boris (Vaults:5)
  3 Killer Klowns (Zot:5)
  Saint Roka (Vaults:5)
  7 caustic shrikes
  5 curse toes
  Geryon (Hell)
  Nikola (Depths:1)
  14 golden dragons
  3 bone dragons
  A Brimstone Fiend (Tomb:1)
  A shard shrike zombie (Crypt:3)
  3 electric golems
  An iron giant (Dis:3)
  9 tentacled monstrosities
  A Hell Sentinel (Dis:4)
  25 Orb Guardians (Zot:5)
  Mlioglotl (Shoals:4)
  3 deep elf blademasters
  A walking earthen tome (Depths:2)
  11 quicksilver dragons
  7 liches
  2 deep elf master archers (Elf:3)
  8 titans
  15 acid blobs
  12 ancient champions
  7 death cobs
  4 tengu reavers
  16 sphinxes
  A kraken (Shoals:3)
  The ghost of Ousak the Spry, an adept OpTm of Ru (Snake:2)
  7 draconian monks
  Kirke (Snake:2)
  15 shadow dragons
  18 storm dragons
  9 azure jellies
  3 nagarajas
  10 frost giants
  8 draconian scorchers
  The ghost of Jafont the Arsonist, a journeyman HOFE of Okawaru (Shoals:3)
  20 vault wardens
  6 draconian knights
  10 rockslimes
  5 fire giants
  11 iron dragons
  5 deep elf sorcerers
  2 ghost moths
  3 quicksilver elementals
  A balrug (Depths:2)
  5 curse skulls
  5 deep elf elementalists (Elf:3)
  5 draconian shifters
  2 orc warlords
  3 draconian annihilators
  5 ghouls
  5 reapers
  7 quicksilver oozes
  8 draconian stormcallers
  15 stone giants
  25 ironbound preservers
  13 green draconians
  A caustic shrike skeleton (Crypt:2)
  A spriggan defender (Depths:1)
  12 war gargoyles
  5 ironbound thunderhulks (Vaults:3)
  14 very ugly things
  7 vampire knights
  3 deep elf demonologists
  9 black draconians
  3 entropy weavers
  13 white draconians
  7 purple draconians
  3 spark wasps
  8 deep elf annihilators
  12 dire elephants
  9 red draconians
  12 yellow draconians
  10 ettins
  Snorg (D:13)
  8 eidola
  3 iron golems (Dis:3)
  2 jiangshi
  7 crystal guardians
  A blizzard demon (Hell)
  6 merfolk javelineers
  2 fire dragons
  16 great orbs of eyes
  7 deep elf death magi
  18 merfolk impalers
  4 deep elf high priests
  15 mummy priests
  Josephine (Lair:5)
  2 quicksilver dragon zombies
  18 yaktaur captains
  3 salamander tyrants (Snake:4)
  30 vault guards
  4 hydras
  Fannar (Orc:1)
  3 boulder beetles
  3 rakshasas
  3 spriggan air magi
  Harold (D:7)
  6 ice dragons
  12 naga warriors
  5 peacekeepers
  3 ogre magi
  2 caustic shrike simulacra (Hell)
  A catoblepas (Lair:6)
  17 ironbound frosthearts
  11 two-headed ogres
  4 merfolk aquamancers (Shoals:4)
  2 deep troll earth magi
  15 anacondas
  An alligator snapping turtle (Shoals:4)
  4 merfolk avatars
  17 centaur warriors
  6 death knights
  28 dancing weapons
  An alligator (shapeshifter) (Elf:1)
  5 tengu warriors
  4 vampire magi
  5 death yaks
  5 deep troll shamans
  3 hell hogs (Hell)
  A satyr (Shoals:3)
  A thrashing horror (Abyss:1)
  39 death scarabs
  9 naga sharpshooters
  3 orc high priests
  27 hell knights
  4 spriggan berserkers (Depths:1)
  10 shock serpents
  Sonja (Lair:6)
  8 soul eaters
  A storm dragon zombie (Crypt:2)
  Nergalle (Lair:1)
  3 sun demons
  4 crystal echidnas
  6 shadow wraiths
  19 deep elf knights
  A storm dragon skeleton (Crypt:1)
  5 iron trolls
  A bunyip zombie (Crypt:1)
  A salamander mystic (Snake:4)
  16 skeletal warriors
  A fire crab (Lair:1)
  10 sea snakes
  A shadow demon (Depths:4)
  66 deep trolls
  A swamp dragon (Lair:6)
  2 flayed ghosts
  2 orange crystal statues
  8 deep elf archers
  2 glowing orange brains
  An anaconda skeleton (Crypt:3)
  2 starcursed masses (Abyss:1)
  8 naga ritualists
  9 wizards
  5 lindwurms
  32 harpies
  A goliath frog zombie (Crypt:1)
  5 orc knights
  30 deep elf zephyrmancers
  23 ironbound convokers
  13 phantasmal warriors
  12 necromancers
  A shining eye (Slime:5)
  30 deep elf pyromancers
  A bunyip skeleton (Crypt:3)
  2 wolf spider zombies (D:10)
  A mana viper (shapeshifter) (Depths:4)
  7 orc sorcerers
  8 mana vipers
  A wolf spider (Vaults:5)
  A draconian zombie (Crypt:3)
  A large abomination (Abyss:1)
  19 manticores
  A moth of wrath (shapeshifter) (Vaults:5)
  8 salamanders
  9 cyclopes
  4 fauns (Shoals:3)
  30 moths of wrath
  59 ugly things
  11 oklob plants (Zot:3)
  A stone giant skeleton (Crypt:1)
  4 merfolk sirens
  A molten gargoyle (Hell)
  Joseph (D:8)
  An apocalypse crab (Shoals:3)
  2 torpor snails
  7 guardian serpents
  11 vault sentinels
  13 elephants
  53 black mambas
  3 eyes of devastation
  15 naga magi
  10 water nymphs
  2 naga skeletons
  6 rust devils
  7 smoke demons
  A gargoyle (D:8)
  A dire elephant skeleton (Crypt:3)
  10 cane toads
  4 hellions
  An orb spider zombie (Crypt:1)
  28 rime drakes
  A tormentor (Dis:1)
  An elephant slug zombie (Crypt:2)
  9 komodo dragons
  2 unseen horrors
  9 freezing wraiths
  3 efreet
  2 tengu conjurers
  3 guardian mummies
  3 ice devils
  20 yaktaurs
  3 kobold demonologists
  14 polar bears
  5 meliai (D:13)
  2 hellwings (D:10)
  A red devil (Hell)
  6 trolls
  22 merfolk
  Grinder (D:5)
  A wind drake (shapeshifter) (D:14)
  A black draconian skeleton (Crypt:1)
  Prince Ribbit (D:5)
  9 hornets
  A harpy skeleton (Crypt:3)
  16 blink frogs
  5 wind drakes
  A polar bear (shapeshifter) (D:15)
  A raiju (Abyss:1)
  110 slime creatures
  19 dream sheep
  8 snapping turtles
  2 black mamba zombies
  9 air elementals
  57 flying skulls
  A dire elephant simulacrum (Abyss:1)
  30 water elementals
  An ettin skeleton (Crypt:3)
  2 ynoxinuls (Depths:4)
  A centaur simulacrum (Hell)
  16 spriggans
  3 shadows
  10 wraiths
  A naga simulacrum (Crypt:1)
  A culicivora (shapeshifter) (Vaults:1)
  3 vampires
  36 yaks
  10 wyverns
  4 ushabtiu (Tomb:1)
  4 golden eyes (Slime:5)
  5 basilisks
  3 fire elementals
  9 wargs
  A human (shapeshifter) (Elf:3)
  4 redbacks
  A steam dragon (D:8)
  6 vampire mosquitoes
  37 nagas
  21 water moccasins
  4 acid dragons
  3 sky beasts
  A demonspawn skeleton (Crypt:2)
  2 cane toad skeletons
  A swamp drake (Lair:6)
  30 orc warriors
  3 ice beasts
  2 meliai simulacra
  2 black bears
  An ice dragon simulacrum (Hell)
  17 ogres
  6 necrophages
  7 wolves
  12 centaurs
  A manticore skeleton (Crypt:2)
  4 phantoms
  5 kobold brigands
  A fire crab zombie (Crypt:2)
  3 earth elementals
  21 bullfrogs
  3 gnoll sergeants
  3 small abominations (Abyss:1)
  A palentonga skeleton (Crypt:1)
  3 wyvern zombies
  2 scorpions
  2 water moccasin zombies
  A water moccasin skeleton (D:5)
  3 troll zombies
  45 killer bees
  A swamp dragon simulacrum (Crypt:1)
  2 wights (D:8)
  A howler monkey (D:12)
  10 electric eels
  4 centaur zombies
  A bullfrog zombie (D:6)
  3 hounds
  13 orc priests
  5 centaur skeletons
  A bullfrog skeleton (D:3)
  A black bear skeleton (Crypt:1)
  4 iguanas
  A basilisk skeleton (Crypt:2)
  22 orc wizards
  A scorpion zombie (D:5)
  2 killer bee zombies
  6 ogre zombies (D:12)
  22 mummies
  A howler monkey zombie (D:8)
  Robin (D:2)
  5 adders
  12 gnolls
  2 howler monkey skeletons
  4 shadow imps
  2 white imps
  An ufetubus (D:6)
  3 worms
  4 dart slugs
  49 orcs
  8 ball pythons
  3 bats
  6 endoplasms
  10 giant cockroaches
  18 goblins
  6 hobgoblins
  10 kobolds
  4 quokkas
  A dart slug zombie (Crypt:1)
  3 frilled lizards
  2 goblin skeletons (D:12)
  2 goblin zombies (D:12)
  2 hobgoblin skeletons (D:12)
  3 hobgoblin zombies (D:12)
  2 orc skeletons (D:12)
  14 orc zombies (D:12)
  7 rats
  25 bushes (Zot:3)
  A lurking horror (Abyss:1)
  2 tentacles (Shoals:3)
2692 creatures vanquished.

Vanquished Creatures (collateral kills)
  the Royal Jelly (Slime:5)
  Vashnia (Snake:4)
  A bone dragon (Abyss:1)
  An Executioner (Abyss:1)
  A revenant (Tomb:1)
  A draconian monk (Zot:4)
  A juggernaut zombie (D:15)
  A vault warden (Vaults:5)
  A purple draconian (Zot:4)
  A naga warrior (Snake:4)
  A death knight (D:12)
  A skeletal warrior (D:15)
  A golden dragon zombie (D:15)
  A phantasmal warrior (D:12)
  A golden dragon skeleton (D:15)
  2 orc knights (Orc:2)
  A worldbinder (Abyss:1)
  A frost giant skeleton (D:15)
  A merfolk siren (Shoals:2)
  A hellion (Dis:1)
  A freezing wraith (D:12)
  An efreet (Abyss:1)
  An ancient zyme (Abyss:1)
  A meliai (D:13)
  A troll (D:12)
  2 raiju (Abyss:1)
  A wraith (D:12)
  A shadow (Abyss:1)
  An orc warrior (Orc:2)
31 creatures vanquished.

Vanquished Creatures (others)
  An electric golem (Zot:2)
  A shadow dragon (Zot:2)
  A draconian shifter (Zot:2)
  2 draconian stormcallers (Zot:2)
  A reaper (Hell)
  A red draconian (Zot:2)
  A wendigo (Hell)
  A deep elf pyromancer (Elf:3)
  A salamander (Snake:4)
  A dire elephant simulacrum (Hell)
  A human (Snake:2)
  A black bear (D:4)
  An orc warrior (Vaults:4)
  A hound (D:5)
  An orc (Vaults:5)
  86 fungi
  205 plants
  5 tentacles (Shoals:3)
  A withered plant (D:15)
313 creatures vanquished.

Grand Total: 3036 creatures vanquished

Notes
Turn   | Place    | Note
-------+----------+-------------------------------------------
     0 | D:1      | dorian the Gargoyle Fighter began the quest for the Orb.
     0 | D:1      | Reached XP level 1. HP: 14/14 MP: 1/1
   436 | D:1      | You fall into a shaft and drop 1 floor!
   443 | D:2      | Reached XP level 2. HP: 14/19 MP: 2/2
   686 | D:2      | Reached XP level 3. HP: 23/23 MP: 3/3
   972 | D:2      | Noticed Robin
  1006 | D:2      | Killed Robin
  1007 | D:2      | Reached skill level 4 in Armour
  1008 | D:2      | Reached XP level 4. HP: 15/28 MP: 4/4
  1650 | D:1      | Found a faded altar of an unknown god.
  3052 | D:3      | Reached XP level 5. HP: 29/32 MP: 5/5
  3696 | D:4      | Reached XP level 6. HP: 18/37 MP: 6/6
  3711 | D:4      | Reached skill level 5 in Armour
  3717 | D:4      | Reached skill level 5 in Axes
  3816 | D:4      | Noticed a sky beast
  3919 | D:4      | Noticed a black bear
  3975 | D:4      | Killed a sky beast
  3976 | D:4      | Reached XP level 7. HP: 30/41 MP: 7/7
  4410 | D:4      | Found Apyghegh's Jewellery Boutique.
  4657 | D:4      | Reached skill level 6 in Armour
  4716 | D:4      | Found Nopumm's Antique Weapon Emporium.
  5088 | D:4      | Identified the +1 ring mail of Tenacity {Will+}
  5263 | D:5      | Entered Level 5 of the Dungeon
  5311 | D:5      | Found a staircase to the Ecumenical Temple.
  5319 | Temple   | Entered the Ecumenical Temple
  5382 | Temple   | Became a worshipper of the Shining One
  5506 | D:5      | Reached XP level 8. HP: 33/46 MP: 8/8
  5851 | D:5      | Noticed Grinder
  5972 | D:5      | Killed Grinder
  6240 | D:5      | Noticed Prince Ribbit
  6263 | D:5      | Killed Prince Ribbit
  6264 | D:5      | Reached skill level 7 in Armour
  6843 | D:6      | Reached skill level 5 in Fighting
  6893 | D:6      | Reached XP level 9. HP: 42/54 MP: 9/9
  7011 | D:6      | Found the ring of the Octopus King
  7018 | D:6      | Identified a ring of the Octopus King {AC+1 EV+1 Str+1
                  | Int+1 Dex+1 SInv}
  7079 | D:6      | Found a stormy altar of Qazlal.
  7176 | D:6      | Reached * piety under the Shining One
  7417 | D:7      | Noticed Harold
  7856 | D:7      | Reached skill level 8 in Armour
  8121 | D:7      | Killed Harold
  8676 | D:8      | Noticed Joseph
  8691 | D:8      | Killed Joseph
  8692 | D:8      | Reached XP level 10. HP: 22/63 MP: 10/10
  9004 | D:8      | Reached skill level 10 in Axes
  9004 | D:8      | Reached skill level 9 in Armour
  9262 | D:8      | Reached ** piety under the Shining One
  9285 | D:8      | Noticed a gargoyle
  9362 | D:8      | Noticed a two-headed ogre
  9666 | D:8      | Killed a gargoyle
 10066 | D:8      | Noticed a death knight
 10075 | D:8      | The Shining One protects you from harm!
 10653 | D:9      | Reached skill level 1 in Invocations
 11244 | D:8      | Reached XP level 11. HP: 68/68 MP: 11/13
 11356 | D:9      | Reached skill level 10 in Armour
 11491 | D:9      | Found a staircase to the Lair.
 11746 | D:9      | Noticed a two-headed ogre
 11753 | D:9      | Killed a two-headed ogre
 11925 | D:10     | Entered Level 10 of the Dungeon
 11958 | D:10     | Reached *** piety under the Shining One
 12382 | D:10     | Identified the +2 battleaxe of Yxkis {freeze, rN++ Will+
                  | Dex+3}
 12752 | D:10     | Reached **** piety under the Shining One
 12789 | D:10     | Reached skill level 5 in Invocations
 12803 | D:10     | Reached XP level 12. HP: 67/76 MP: 13/16
 12809 | D:10     | Reached skill level 11 in Armour
 13266 | D:11     | Noticed a boulder beetle
 13266 | D:11     | Noticed a boulder beetle
 13593 | D:10     | Killed a boulder beetle
 14084 | D:11     | Noticed a centaur warrior
 14094 | D:11     | Killed a centaur warrior
 14319 | D:11     | Noticed a two-headed ogre
 14323 | D:11     | Killed a two-headed ogre
 14487 | D:11     | Killed a boulder beetle
 14488 | D:11     | Reached skill level 10 in Fighting
 14671 | D:11     | Noticed a death knight
 14688 | D:11     | Killed a death knight
 15112 | D:12     | Noticed a death knight
 15143 | D:12     | Killed a death knight
 15342 | D:12     | Reached ***** piety under the Shining One
 15388 | D:12     | Found a staircase to the Orcish Mines.
 15834 | D:12     | Noticed a death knight
 15852 | D:12     | Killed a death knight
 15856 | D:12     | Reached skill level 12 in Armour
 16212 | Orc:1    | Entered Level 1 of the Orcish Mines
 16263 | Orc:1    | Reached XP level 13. HP: 82/82 MP: 18/18
 16582 | Orc:1    | Noticed Fannar
 16787 | Orc:1    | Killed Fannar
 17141 | Orc:2    | Entered Level 2 of the Orcish Mines
 17202 | Orc:1    | Reached ****** piety under the Shining One
 17809 | Orc:2    | Noticed an orc warlord
 18289 | Orc:2    | Killed an orc warlord
 18424 | Orc:2    | Found Deihoq's Book Shoppe.
 18451 | Orc:2    | Found Efyrphilakk's Antique Armour Boutique.
 18653 | Orc:2    | Found Erchitriy's General Store.
 19235 | Orc:2    | Paralysed by an orc sorcerer for 4 turns
 19240 | Orc:2    | Reached skill level 13 in Armour
 19286 | Orc:2    | Found a staircase to the Elven Halls.
 19347 | Orc:2    | Found Savaose's Antique Weapon Emporium.
 19589 | Orc:2    | Bought a pair of runed gloves for 277 gold pieces
 19765 | Lair:1   | Entered Level 1 of the Lair of Beasts
 19768 | Lair:1   | Noticed Nergalle
 19833 | Lair:1   | Killed Nergalle
 19925 | Lair:1   | Reached skill level 15 in Axes
 21134 | Lair:1   | Gained mutation: Your large and strong wings let you fly.
                  | [Gargoyle growth]
 21134 | Lair:1   | Reached XP level 14. HP: 88/88 MP: 21/21
 21155 | Lair:1   | Reached skill level 10 in Invocations
 21374 | Lair:2   | Found a staircase to the Snake Pit.
 21922 | Lair:2   | You are sucked into a shaft and drop 2 floors!
 22423 | Lair:2   | Found a shimmering altar of Xom.
 22722 | Lair:2   | Reached skill level 14 in Armour
 24149 | Lair:4   | Found a staircase to the Shoals.
 24977 | Lair:5   | Identified the +9 whip of Inquiry {holy, Int+6 Stlth-}
 25210 | Lair:5   | Found a staircase to the Slime Pits.
 26112 | Lair:5   | Noticed Josephine
 26121 | Lair:5   | Killed Josephine
 26879 | Lair:5   | Reached XP level 15. HP: 79/92 MP: 22/22
 27261 | Lair:6   | Entered Level 6 of the Lair of Beasts
 27357 | Lair:6   | Identified the +3 chain mail "Agyamu" {*Slow rF+ Str+4
                  | SInv}
 27415 | Lair:6   | Reached skill level 15 in Armour
 27511 | Lair:6   | Identified a scroll of acquirement
 27511 | Lair:6   | Acquired a +1 vorpal broad axe
 27811 | Lair:6   | Noticed Sonja
 27817 | Lair:6   | Killed Sonja
 28069 | Lair:6   | Identified the +1 spear of Valour {speed, Int+3 Dex+3}
 28870 | Lair:6   | Found the +14 obsidian axe {vorpal, Mesm Drain Fly SInv}
 29746 | D:13     | Found a gate to the Vaults.
 29850 | D:13     | Noticed Snorg
 29859 | D:13     | Killed Snorg
 29860 | D:13     | Reached skill level 16 in Armour
 30982 | D:14     | Reached XP level 16. HP: 71/103 MP: 23/23
 31157 | D:14     | Found a snail-covered altar of Cheibriados.
 31849 | D:15     | Entered Level 15 of the Dungeon
 32253 | D:4      | Bought a ring of resist corrosion for 200 gold pieces
 32417 | D:8      | Identified the +2 falchion of the Present {pain, rF+ Str+4}
 32453 | D:8      | Found a hide-covered altar of Uskayaw.
 32453 | D:8      | Found a glowing silver altar of Zin.
 32457 | D:8      | Found a shimmering altar of Xom.
 32457 | D:8      | Found a stormy altar of Qazlal.
 32704 | D:8      | Identified the +0 hat of an ice cave {rF+ Will+ Int+4}
 33099 | D:15     | Found a staircase to the Depths.
 33130 | D:15     | Reached skill level 17 in Armour
 33803 | D:15     | Found Qenewn's Book Shoppe.
 34484 | Snake:1  | Entered Level 1 of the Snake Pit
 35450 | Snake:1  | Reached skill level 18 in Armour
 35736 | Snake:2  | Noticed Kirke
 35745 | Snake:2  | Killed Kirke
 35790 | Snake:2  | Reached skill level 15 in Fighting
 35816 | Snake:2  | Found a large runed translucent door.
 35816 | Snake:2  | Found a large runed translucent door.
 35821 | Snake:2  | Noticed Ousak's ghost (adept OpTm)
 35831 | Snake:2  | Found Kiatuura's Weapon Boutique.
 35831 | Snake:2  | Found Adubudyb's Magic Scroll Shop.
 35899 | Snake:2  | Bought a scroll of enchant armour for 105 gold pieces
 35899 | Snake:2  | Bought a scroll of enchant weapon for 105 gold pieces
 36091 | Snake:2  | Reached XP level 17. HP: 110/113 MP: 24/24
 37686 | Snake:2  | Killed Ousak's ghost
 38160 | Snake:3  | Acquired a +1 executioner's axe of freezing
 38162 | Snake:3  | Acquired the ring "Inuluoro" {Wiz Contam rC+ rN+ Will+}
 38707 | Snake:4  | Entered Level 4 of the Snake Pit
 38785 | Snake:4  | Reached skill level 19 in Armour
 39274 | Snake:4  | Cast into level 1 of the Abyss (salamander)
 39438 | Abyss:1  | Noticed a bone dragon
 39441 | Abyss:1  | Noticed an Executioner
 39458 | Abyss:1  | Killed a bone dragon
 39463 | Abyss:1  | Killed an Executioner
 39601 | Abyss:1  | Noticed a bone dragon
 39617 | Abyss:1  | Killed a bone dragon
 39629 | Snake:4  | Escaped the Abyss
 40513 | Snake:4  | Found Zuwkem's Armour Shop.
 40968 | Snake:4  | Found Vaahaur's Book Shoppe.
 40970 | Snake:4  | Found Fewn's Jewellery Shop.
 40971 | Snake:4  | Found Gaonetz's Book Shoppe.
 41866 | Snake:4  | Reached XP level 18. HP: 102/122 MP: 26/26
 42448 | Snake:4  | Noticed Vashnia
 42500 | Snake:4  | Killed Vashnia
 42925 | Snake:4  | Got a serpentine rune of Zot
 43067 | Snake:3  | Identified the +5 ring mail of Trumpets {rN+ Str-3 Int+3
                  | Slay+3}
 43208 | Shoals:1 | Entered Level 1 of the Shoals
 43301 | Shoals:1 | Reached skill level 5 in Shields
 43369 | Shoals:1 | Found a frozen archway.
 43377 | IceCv    | Entered an ice cave
 45026 | IceCv    | Identified the +6 glaive "Cocixkem" {holy, rPois rC+ Int-4
                  | Dex+9}
 45637 | Shoals:1 | Reached skill level 10 in Shields
 46339 | Shoals:2 | Found Goirph's Distillery.
 46413 | Shoals:2 | Bought a potion of heal wounds for 75 gold pieces
 46413 | Shoals:2 | Bought a potion of haste for 150 gold pieces
 46413 | Shoals:2 | Bought a potion of haste for 150 gold pieces
 46496 | Shoals:2 | Reached XP level 19. HP: 127/127 MP: 27/27
 47486 | Shoals:3 | Reached XP level 20. HP: 50/133 MP: 17/28
 48029 | Snake:4  | Bought the amulet "Aquwnu" {Reflect *Corrode rPois SH+5
                  | Stlth+} for 614 gold pieces
 48440 | Shoals:3 | Found a runed translucent door.
 48440 | Shoals:3 | Noticed Jafont's ghost (journeyman HOFE)
 49001 | Shoals:3 | Identified the ring "Xoq Ask" {rCorr EV+4 Str+3 Dex+4}
 49102 | Shoals:3 | Got the Almanac of Mad Ravings
 49353 | Shoals:3 | Killed Jafont's ghost
 49384 | Shoals:4 | Entered Level 4 of the Shoals
 49471 | Shoals:4 | Paralysed by an air elemental for 1 turns
 49532 | Shoals:4 | Noticed Mlioglotl
 49540 | Shoals:4 | Killed Mlioglotl
 50161 | Shoals:4 | Paralysed by an air elemental for 1 turns
 50183 | Shoals:4 | Reached skill level 15 in Shields
 51560 | Shoals:4 | Got a barnacled rune of Zot
 51561 | Shoals:4 | Identified the +1 hat of Ugabru {MP+9 Dex+2}
 52084 | Vaults:1 | Entered Level 1 of the Vaults
 52097 | Vaults:1 | Found a portal to a secret trove of treasure.
 53316 | Vaults:1 | Reached XP level 21. HP: 138/138 MP: 29/29
 55930 | Vaults:3 | Found a staircase to the Crypt.
 56255 | Vaults:3 | Reached XP level 22. HP: 144/144 MP: 30/30
 57294 | Vaults:4 | Found a flickering gateway to a bazaar.
 57300 | Bazaar   | Entered a bazaar
 57301 | Bazaar   | Found Uxaut's Antique Weapon Emporium.
 57301 | Bazaar   | Found Zetic's Armour Emporium.
 57302 | Bazaar   | Found Xaudok's Weapon Shop.
 57330 | Bazaar   | Bought the -2 hat of the Alchemist {rElec rPois rF+ rC+ rN+
                  | Will+ rMut rCorr} for 519 gold pieces
 57330 | Bazaar   | Found the -2 hat of the Alchemist {rElec rPois rF+ rC+ rN+
                  | Will+ rMut rCorr}
 57343 | Bazaar   | Found Ofol's Armour Boutique.
 58426 | Elf:1    | Entered Level 1 of the Elven Halls
 58988 | Elf:1    | Found Ycuxaomu's Armour Shop.
 59557 | Elf:2    | Found a gateway to a bazaar.
 59568 | Bazaar   | Entered a bazaar
 59582 | Bazaar   | Found Kamif's Assorted Antiques.
 59582 | Bazaar   | Found Muang's Distillery.
 59605 | Bazaar   | Found Gemac's Antique Armour Emporium.
 59637 | Bazaar   | Found Tophuski's Weapon Emporium.
 59637 | Bazaar   | Found Ratogenk's Magic Scroll Shoppe.
 59642 | Bazaar   | Bought a scroll of enchant armour for 97 gold pieces
 59642 | Bazaar   | Bought a scroll of blinking for 97 gold pieces
 59720 | Bazaar   | Bought a potion of berserk rage for 65 gold pieces
 59720 | Bazaar   | Bought a potion of berserk rage for 65 gold pieces
 59720 | Bazaar   | Bought a potion of berserk rage for 65 gold pieces
 59812 | Elf:2    | Found a runed translucent gate.
 59812 | Elf:2    | Found a runed translucent gate.
 59812 | Elf:2    | Found a runed translucent gate.
 59982 | Elf:2    | Paralysed by an air elemental for 1 turns
 60022 | Elf:2    | Paralysed by an air elemental for 1 turns
 60357 | Elf:2    | Reached XP level 23. HP: 148/149 MP: 31/31
 60562 | Elf:3    | Entered Level 3 of the Elven Halls
 60576 | Elf:3    | Reached skill level 20 in Armour
 60728 | Elf:3    | Paralysed by an air elemental for 1 turns
 60878 | Elf:3    | Got Ydack's Collected Works on Earth
 60885 | Elf:3    | Got Sif Muna's Handbook of Feathers
 60896 | Elf:3    | Got Homasiox's Incunabulum of the Arsonist
 61017 | Elf:3    | Identified the +4 mace of Terror {flame, rElec rN+ Str+3
                  | Dex-4}
 61160 | Elf:3    | Found Ratim's Weapon Emporium.
 61859 | Elf:3    | Identified the +4 whip "Enlit" {flame, rN+ Will+}
 61859 | Elf:3    | Identified the +10 shortbow of Nemelex Xobeh's Regard
                  | {freeze, Str+3}
 61861 | Elf:3    | Identified the +3 hand axe of Dim Light {vorpal, rF+ rC+
                  | Int-5 SInv}
 61861 | Elf:3    | Identified the +6 long sword of a sewer {chaos, rF+ Str+2
                  | Dex-2 Stlth+}
 61861 | Elf:3    | Identified the ring "Zaseass" {+Blink Fly rPois Will+}
 61911 | Elf:3    | Identified the +0 cloak of Dawn {rN+}
 62398 | Depths:1 | Entered Level 1 of the Depths
 62453 | Depths:1 | Noticed Nikola
 62471 | Depths:1 | Killed Nikola
 62666 | Depths:1 | Found Zidumies's Distillery.
 62667 | Depths:1 | Found a one-way gate to the infinite horrors of the Abyss.
 62716 | Depths:1 | Bought a potion of might for 60 gold pieces
 62716 | Depths:1 | Bought 2 potions of curing for 90 gold pieces
 62716 | Depths:1 | Bought a potion of haste for 150 gold pieces
 62716 | Depths:1 | Bought a potion of curing for 45 gold pieces
 62716 | Depths:1 | Bought 2 potions of might for 120 gold pieces
 62716 | Depths:1 | Bought a potion of haste for 150 gold pieces
 62823 | Depths:1 | Identified a +6 broad axe of holy wrath (a +4 vorpal broad
                  | axe blessed by the Shining One)
 62823 | Depths:1 | Received a gift from the Shining One
 63096 | Depths:1 | Found a gateway to Hell.
 63133 | Depths:1 | Found a one-way gateway to a ziggurat.
 63247 | Depths:1 | Reached skill level 21 in Armour
 63920 | Depths:2 | Reached XP level 24. HP: 160/160 MP: 31/31
 64579 | Depths:2 | Found a one-way gate leading to the halls of Pandemonium.
 64975 | Depths:3 | Found Ustoogi's Antique Armour Shoppe.
 65005 | Depths:3 | Bought the +3 pair of seven-league boots {Rampage+∞} for
                  | 1120 gold pieces
 65005 | Depths:3 | Found the +3 pair of seven-league boots {Rampage+∞}
 65567 | Depths:4 | Entered Level 4 of the Depths
 65838 | Depths:4 | Found a gate to the Realm of Zot.
 65917 | Depths:4 | Noticed a caustic shrike
 65938 | Depths:4 | Killed a caustic shrike
 66206 | Depths:4 | Found a sparkling altar of Nemelex Xobeh.
 66317 | Depths:4 | Reached skill level 22 in Armour
 66330 | Depths:4 | Noticed a caustic shrike
 66331 | Depths:4 | Noticed a caustic shrike
 66424 | Depths:4 | Found Foest's Jewellery Emporium.
 66599 | Depths:4 | Noticed a caustic shrike
 66620 | Depths:4 | Killed a caustic shrike
 66621 | Depths:4 | Killed a caustic shrike
 66621 | Depths:4 | Killed a caustic shrike
 67515 | Crypt:1  | Entered Level 1 of the Crypt
 68249 | Crypt:2  | Reached XP level 25. HP: 161/169 MP: 31/31
 69176 | Crypt:2  | Found a runed translucent door.
 69177 | Crypt:2  | Noticed a dread lich
 69191 | Crypt:2  | Killed a dread lich
 69228 | Crypt:3  | Entered Level 3 of the Crypt
 69601 | Crypt:3  | Reached skill level 23 in Armour
 69843 | Crypt:3  | Found a staircase to the Tomb.
 70145 | Crypt:3  | Found an ancient bone altar of Kikubaaqudgha.
 70145 | Crypt:3  | Noticed a dread lich
 70149 | Crypt:3  | Killed a dread lich
 70184 | Crypt:3  | Found the +9 sword of Zonguldrok {reap}
 70575 | Tomb:1   | Entered Level 1 of the Tomb of the Ancients
 71198 | Vaults:5 | Entered Level 5 of the Vaults
 71228 | Vaults:5 | Was placed under penance by the Shining One
 71238 | Vaults:5 | Reached XP level 26. HP: 141/179 MP: 31/31
 71239 | Vaults:5 | Noticed Saint Roka
 72099 | Vaults:4 | Reached skill level 24 in Armour
 72534 | Vaults:5 | Identified the ring "Itwigucryz" {Fire Int+6 Dex+2}
 72612 | Vaults:5 | Was forgiven by the Shining One
 72631 | Vaults:5 | Identified the ring "Afucyowk" {Fly rC+ MP-9 Int+7 Dex-4}
 72807 | Vaults:5 | Noticed an ancient lich
 72816 | Vaults:5 | Killed an ancient lich
 73162 | Vaults:5 | Identified the +0 ring mail of Spring Thaw {Regen+ rCorr}
 73184 | Vaults:5 | Identified the amulet "Esophe" {RegenMP +Inv rElec rF+}
 73215 | Vaults:5 | Killed Saint Roka
 73603 | Vaults:5 | Got a silver rune of Zot
 73657 | Vaults:5 | Noticed Boris
 73667 | Vaults:5 | Killed Boris
 74688 | Slime:1  | Entered Level 1 of the Pits of Slime
 76567 | Slime:5  | Entered Level 5 of the Pits of Slime
 76579 | Slime:5  | Reached skill level 25 in Armour
 76666 | Slime:5  | Noticed the Royal Jelly
 76677 | Slime:5  | Killed the Royal Jelly
 76678 | Slime:5  | Reached XP level 27. HP: 154/188 MP: 21/31
 77015 | Slime:5  | Gained mutation: Armour fits poorly on your strangely
                  | shaped body. [a shining eye]
 77403 | Slime:5  | Got the Catalogue of the Oath
 77409 | Slime:5  | Identified the +2 leather armour of the First Lies {Will++
                  | Int-5}
 77454 | Slime:5  | Got a slimy rune of Zot
 77473 | Slime:5  | Identified the +10 hand crossbow of Doom {freeze, rC+
                  | Dex+3}
 78274 | Tomb:1   | Noticed Mennas
 78348 | Tomb:1   | Killed Mennas
 78920 | Tomb:1   | Noticed a royal mummy
 78939 | Tomb:1   | Killed a royal mummy
 79173 | Tomb:1   | Noticed a royal mummy
 79191 | Tomb:1   | Killed a royal mummy
 79672 | Tomb:1   | Found the +8 longbow "Zephyr" {speed, Dex+3 SInv}
 79722 | Tomb:2   | Noticed a royal mummy
 79722 | Tomb:2   | Noticed a royal mummy
 79724 | Tomb:2   | Noticed a royal mummy
 79724 | Tomb:2   | Noticed a royal mummy
 79724 | Tomb:2   | Noticed Khufu
 79728 | Tomb:2   | Noticed a royal mummy
 79748 | Tomb:1   | Noticed a royal mummy
 79750 | Tomb:1   | Noticed a royal mummy
 79752 | Tomb:1   | Noticed a royal mummy
 79753 | Tomb:1   | Noticed a royal mummy
 79754 | Tomb:1   | Noticed a royal mummy
 79757 | Tomb:2   | Noticed a royal mummy
 80074 | Tomb:1   | Lost mutation: Armour fits poorly on your strangely shaped
                  | body. [potion of mutation]
 80074 | Tomb:1   | Gained mutation: You have a pair of small horns on your
                  | head. [potion of mutation]
 80074 | Tomb:1   | Gained mutation: You have sharp toenails. [potion of
                  | mutation]
 80583 | Zot:1    | Entered Level 1 of the Realm of Zot
 81747 | Zot:1    | Reached skill level 26 in Armour
 83280 | Zot:2    | Noticed an orb of fire
 85527 | Zot:4    | Reached skill level 15 in Invocations
 86046 | Zot:4    | Found Kotug's Changing Room.
 86341 | Zot:5    | Entered Level 5 of the Realm of Zot
 86341 | Zot:5    | Noticed an orb of fire
 86356 | Zot:4    | Gained mutation: Your body sometimes deteriorates upon
                  | taking damage. [an orb of fire]
 86365 | Zot:4    | Gained mutation: You occasionally shout uncontrollably at
                  | your foes. [an orb of fire]
 86366 | Zot:4    | Killed an orb of fire
 86900 | Zot:5    | Noticed a dread lich
 86909 | Zot:5    | Killed a dread lich
 86916 | Zot:5    | Noticed a dread lich
 86918 | Zot:5    | Noticed an orb of fire
 86923 | Zot:5    | Noticed an orb of fire
 86924 | Zot:5    | Noticed a dread lich
 86927 | Zot:5    | Noticed an orb of fire
 86927 | Zot:5    | Noticed an orb of fire
 86927 | Zot:5    | Noticed an orb of fire
 87393 | Zot:5    | Killed an orb of fire
 87405 | Zot:5    | Gained mutation: Your body often deteriorates upon taking
                  | damage. [an orb of fire]
 87406 | Zot:5    | Killed an orb of fire
 87416 | Zot:5    | Killed an orb of fire
 87431 | Zot:4    | Gained mutation: You tend to lose your temper in combat.
                  | [an orb of fire]
 87440 | Zot:4    | Gained mutation: You are frail. (-10% HP) [an orb of fire]
 87442 | Zot:4    | Killed an orb of fire
 87772 | Zot:4    | Lost mutation: You are frail. (-10% HP) [potion of
                  | mutation]
 87772 | Zot:4    | Lost mutation: You tend to lose your temper in combat.
                  | [potion of mutation]
 87772 | Zot:4    | Lost mutation: You have a pair of small horns on your head.
                  | [potion of mutation]
 87772 | Zot:4    | Gained mutation: You expend magic power (3 MP) to
                  | strengthen your wands. [potion of mutation]
 87772 | Zot:4    | Gained mutation: You are frail. (-10% HP) [potion of
                  | mutation]
 87772 | Zot:4    | Gained mutation: You have razor-sharp toenails. [potion of
                  | mutation]
 87773 | Zot:4    | Lost mutation: You are frail. (-10% HP) [potion of
                  | mutation]
 87773 | Zot:4    | Lost mutation: You have razor-sharp toenails. [potion of
                  | mutation]
 87773 | Zot:4    | Gained mutation: You sometimes lose the ability to read
                  | scrolls when taking damage. [potion of mutation]
 87773 | Zot:4    | Gained mutation: You frequently scream uncontrollably at
                  | your foes. [potion of mutation]
 87773 | Zot:4    | Gained mutation: You have a pair of small antennae on your
                  | head. [potion of mutation]
 87774 | Zot:4    | Lost mutation: You expend magic power (3 MP) to strengthen
                  | your wands. [potion of mutation]
 87774 | Zot:4    | Lost mutation: You have sharp toenails. [potion of
                  | mutation]
 87774 | Zot:4    | Gained mutation: You are partially covered in iridescent
                  | scales. (AC +2) [potion of mutation]
 87774 | Zot:4    | Gained mutation: You are weak. (Str -2) [potion of
                  | mutation]
 87775 | Zot:4    | Lost mutation: You have a pair of small antennae on your
                  | head. [potion of mutation]
 87775 | Zot:4    | Lost mutation: You sometimes lose the ability to read
                  | scrolls when taking damage. [potion of mutation]
 87775 | Zot:4    | Lost mutation: You frequently scream uncontrollably at your
                  | foes. [potion of mutation]
 87775 | Zot:4    | Gained mutation: Your flesh is heat resistant. (rF+)
                  | [potion of mutation]
 87775 | Zot:4    | Lost mutation: You are weak. (Str -2) [potion of mutation]
 87825 | Zot:5    | Killed a dread lich
 87841 | Zot:5    | Gained mutation: You are occasionally teleported next to
                  | monsters. [an orb of fire]
 87842 | Zot:5    | Gained mutation: You sometimes lose the ability to read
                  | scrolls when taking damage. [an orb of fire]
 87843 | Zot:5    | Killed an orb of fire
 88016 | Zot:5    | Noticed an orb of fire
 88031 | Zot:5    | Gained mutation: You tend to lose your temper in combat.
                  | [an orb of fire]
 88032 | Zot:5    | Killed an orb of fire
 88285 | Zot:5    | Noticed an orb of fire
 88290 | Zot:5    | Reached skill level 27 in Armour
 88308 | Zot:5    | Gained mutation: You are frail. (-10% HP) [an orb of fire]
 88310 | Zot:5    | Killed an orb of fire
 88836 | Zot:5    | Killed a dread lich
 89103 | Zot:5    | Gained mutation: You do not regenerate when monsters are
                  | visible. [mutagenic glow]
 89125 | Zot:5    | Gained mutation: You are weak. (Str -2) [mutagenic glow]
 89634 | Zot:5    | Lost mutation: You are weak. (Str -2) [potion of mutation]
 89634 | Zot:5    | Lost mutation: You are partially covered in iridescent
                  | scales. (AC +2) [potion of mutation]
 89634 | Zot:5    | Gained mutation: You are partially covered in large bone
                  | plates. (SH +4) [potion of mutation]
 89635 | Zot:5    | Lost mutation: You do not regenerate when monsters are
                  | visible. [potion of mutation]
 89635 | Zot:5    | Lost mutation: You are occasionally teleported next to
                  | monsters. [potion of mutation]
 89635 | Zot:5    | Lost mutation: You occasionally shout uncontrollably at
                  | your foes. [potion of mutation]
 89636 | Zot:5    | Lost mutation: You are partially covered in large bone
                  | plates. (SH +4) [potion of mutation]
 89636 | Zot:5    | Lost mutation: You sometimes lose the ability to read
                  | scrolls when taking damage. [potion of mutation]
 89636 | Zot:5    | Lost mutation: You tend to lose your temper in combat.
                  | [potion of mutation]
 89636 | Zot:5    | Gained mutation: You are weak. (Str -2) [potion of
                  | mutation]
 89637 | Zot:5    | Lost mutation: Your flesh is heat resistant. (rF+) [potion
                  | of mutation]
 89637 | Zot:5    | Lost mutation: You are weak. (Str -2) [potion of mutation]
 89637 | Zot:5    | Lost mutation: Your body often deteriorates upon taking
                  | damage. [potion of mutation]
 89637 | Zot:5    | Gained mutation: You are agile. (Dex +2) [potion of
                  | mutation]
 89705 | Zot:4    | Bought a potion of mutation for 192 gold pieces
 89868 | Hell     | Entered the Vestibule of Hell
 89868 | Hell     | Noticed Geryon
 89883 | Hell     | Killed Geryon
 90407 | Hell     | Found a gateway to the ashen valley of Gehenna.
 90454 | Hell     | Found a gateway to the Iron City of Dis.
 90517 | Hell     | Found a gateway to the freezing wastes of Cocytus.
 90572 | Hell     | Found a gateway to the decaying netherworld of Tartarus.
 90643 | Dis:1    | Entered Level 1 of the Iron City of Dis
 92944 | Dis:4    | HP: 5/151 [Hell Sentinel/damnation (33)]
 92948 | Dis:4    | Killed from afar by a Hell Sentinel

Illustrated notes

Levels and vault maps discovered:
D:1:      wheals_arrival_linesprint, layout_loops_corners,
          ebering_ecumenical_altar_rust
D:2:      minmay_inner_zag, layout_basic, minmay_pentomino_pile, uniq_robin
D:3:      layout_loops_corners
D:4:      layout_basic, serial_shops, nicolae_take_the_stairs,
          nicolae_stop_n_shop_1, chequers_jeans, kennysheep_big_empty_room
D:5:      layout_basic, minmay_temple_entry_ruins, fountainhead,
          uniq_prince_ribbit1, uniq_grinder
D:6:      layout_rooms, kennysheep_little_box, serial_curves, eino_curves_03,
          eino_curves_03, minmay_crystal_room
D:7:      layout_loops_corners, uniq_harold
D:8:      minmay_the_grid_octo_tiled_octocenter [minmay_the_grid_octo_toaster,
          minmay_the_grid_octo_pinwheel, minmay_the_grid_octo_thin_diamonds,
          minmay_the_grid_octo_shrine, minmay_the_grid_octo_prize_single_spiral,
          minmay_the_grid_square_5x5_mess, minmay_the_grid_square_5x5_dogpile,
          minmay_the_grid_square_5x5_checkered_sparse,
          minmay_the_grid_square_5x5_doubleslash], layout_loops_ring,
          uniq_joseph
D:9:      layout_cave_pools, minmay_lair_entry_grove, serial_rivers,
          chequers_serial_rivers_micro_b, chequers_serial_rivers_micro_e,
          chequers_serial_rivers_small_b, chequers_serial_rivers_marsh
D:10:     cheibrodos_grave_circle, layout_stronghold, kennysheep_generic_room_9
D:11:     layout_roguey, serial_rivers, chequers_serial_rivers_large_b,
          chequers_serial_rivers_micro_e, chequers_serial_rivers_micro_e,
          chequers_serial_rivers_room_a, chequers_serial_rivers_small_3,
          chequers_serial_rivers_marsh
D:12:     layout_basic, zombieorc2_lemuel
D:13:     layout_gridville, hangedman_vaults_entry_quadrant_bands, uniq_snorg
D:14:     layout_roguey, chequers_serial_rivers_large_a, cheibriados_altar_2
D:15:     gammafunk_depths_entry_grave, layout_loops_corners, serial_shops,
          nicolae_shop_stone, minmay_misc_feat_pillars
Temple:   mainiacjoe_temple_circle_huts
Lair:1:   wad_woods_minihive, layout_loops_ring, st_stairs_12,
          grunt_megastairs_3, uniq_nergalle
Lair:2:   cheibrodos_lair_river_kwai, layout_loops_ring,
          guppyfry_snake_entry_island, special_room, basic_altar,
          nzn_random_ring
Lair:3:   layout_regular_city, hibernation_bobbens
Lair:4:   layout_long_grid, elwin_shoals_entry_rooms, serial_bayou_pond_a
Lair:5:   nzn_winding_woodlands_cross
          [nzn_winding_woodlands_5x15_river_crossing,
          nzn_winding_woodlands_5x15_split_checker,
          nzn_winding_woodlands_5x15_pockets,
          nzn_winding_woodlands_5x15_sidewinder,
          nzn_winding_woodlands_15x15_five_gardens], layout_layer_cave,
          slime_dummy, uniq_josephine
Lair:6:   hangedman_lair_in_review, layout_misc_corridors,
          guppyfry_lair_end_dragon, st_stairs_12, serial_bayou_shore_a,
          infiniplex_staircase_pool, uniq_sonja
Shoals:1: layout_shoals, portal_ice_cave_entry_pillars_three
Shoals:2: layout_shoals, serial_shops, nicolae_shop_crystal
Shoals:3: dreamdust_from_the_deep, layout_shoals, gammafunk_ghost_grave
Shoals:4: shoals_end_hellmonk_storm_palace [storm_palace_center_circular,
          storm_palace_corner_narrow, storm_palace_corner_reverse_hut,
          storm_palace_corner_grid, storm_palace_corner_narrow], uniq_mlioglotl
Snake:1:  layout_rooms, serial_bayou_lagoon_b
Snake:2:  layout_chambers, ebering_ghost_disaster_area, guppyfry_library_mini,
          grunt_megastairs_4, minmay_shoptagon, uniq_kirke
Snake:3:  layout_basic, st_stairs_5
Snake:4:  grunt_snake_rune_serpentine_throne, layout_cave_town, serial_shops,
          nicolae_shop_advertising_works [nicolae_subvault_shop_adworks],
          minmay_shop_grove, uniq_vashnia
Slime:1:  layout_caves
Slime:2:  layout_caves
Slime:3:  layout_caves
Slime:4:  layout_caves, uniq_dissolution
Slime:5
Orc:1:    layout_caves, basic_altar, uniq_fannar
Orc:2:    grunt_orc_gardens, layout_caves, grunt_orc_garden, grunt_orc_garden,
          grunt_orc_garden, grunt_orc_garden, basic_altar, nicolae_orc_lava_room
Elf:1:    nicolae_elf_arrival_no_cutting_in_line, layout_gridlike, serial_shops,
          shop_statue, evilmike_minifort, minivault_16
Elf:2:    elven_hall_of_blades_hangedman_original [mumra_blade_entry_bloodbath],
          layout_rooms, serial_shops, bzr_entry_lakeside,
          kilobyte_mutagenic_chamber
Elf:3:    minmay_elf_hall_statues, layout_loops_cross, serial_shops,
          nicolae_shop_bloodbath_and_beyond, nicolae_elf_elemental_lessons
Vaults:1: nicolae_vaults_what_the_h, nicolae_vaults_network_s,
          nicolae_vaults_little_squares_6, ontoclasm_vaults_claustrophobia,
          ontoclasm_vaults_decontamination, st_cross, v_misc_16,
          vaults_mumra_hex, nicolae_vaults_little_squares_1,
          nicolae_vaults_alarming, vaults_dpeg_hooks, layout_vaults_quadrants,
          enter_trove_1
Vaults:2: nicolae_vaults_twisting_passages, v_misc_19,
          nicolae_vaults_minivaults, v_rooms_2, ontoclasm_vaults_ring_square,
          nicolae_vaults_gold_heap, ontoclasm_vaults_ligature,
          vaults_dpeg_diagonal, layout_vaults_chaotic_city
Vaults:3: vaults_room_fancy_cross, vaults_mumra_minichess,
          ontoclasm_vaults_ring_small, v_pattern_3, ontoclasm_vaults_chip,
          minmay_crypt_entry_simple_statues, v_misc_26, serial_ice_g,
          vaults_room_pool, v_misc_10, hangedman_vaults_cutoff,
          ontoclasm_vaults_hangar, vaults_dpeg_doors,
          nicolae_vaults_diagonal_hallway_7, layout_vaults_omnicross,
          serial_hangedman_research
Vaults:4: nicolae_vaults_circle_grid_a, v_misc_31, hangedman_vaults_maws,
          grunt_vaults_diagonal, ontoclasm_vaults_eye, hangedman_vaults_locks,
          v_alt_pattern_2, layout_vaults_maze_snakey, serial_shops,
          bzr_entry_safe
Vaults:5: uniq_boris, uniq_saint_roka
Crypt:1:  layout_misc_corridors, minmay_misc_feat_five,
          nicolae_crypt_crumbling_hall, grunt_crypt_arrival_webbed
Crypt:2:  cheibrodos_crypt_cold_storage, layout_chaotic_city, serial_glass,
          glass_columns_c, glass_columns_a, serial_sigils_hangedman_carve,
          grunt_megastairs_5
Crypt:3:  cryptofortress_bobbens
Tomb:1:   uniq_mennas
Tomb:2:   uniq_mara, uniq_khufu
Depths:1: layout_basic, enter_ziggurat_f, serial_shops, shop, hell_entry,
          abyss_entry, kennysheep_flooded_box, hangedman_corner_corridor,
          uniq_nikola
Depths:2: kennysheep_water_balloons, layout_cave_shapes, lightli_too_deep,
          kennysheep_small_spiral, rand_demon_pan_entry_1,
          kennysheep_random_hallway, firewood_loft
Depths:3: grated_community_mu [grated_community_mu_vampire_home,
          grated_community_mu_giant_home, grated_community_mu_spellcaster_home,
          grated_community_mu_orcish_home, grated_community_mu_troll_home,
          grated_community_mu_taur_home, grated_community_mu_unbuilt_plot],
          layout_long_grid, minmay_misc_feat_room, serial_shops, shop,
          hell_entry, abyss_entry, statue_in_the_mist_lemuel,
          infiniplex_staircase_pool_2
Depths:4: evilmike_zot_entry_argh, layout_cave_shapes, serial_shops, shop,
          hangedman_geh_valley, rand_demon_pan_entry_8, minmay_splitting_lines,
          abyss_entry, nemelex_xobeh_ov_fountains_minmay, serial_bayou_shore_b
Hell
Dis:1:    layout_gridville
Dis:2:    layout_gridville, nicolae_dis_metal_dragon_surprise
Dis:3:    layout_jigsaw, nicolae_dis_emergency_hatch
Dis:4:    layout_subdivisions
Zot:1:    layout_gridlike, st_stairs_3
Zot:2:    layout_basic, lemuel_baited_zot_trap, st_stairs_4, nrook_zot_tub
Zot:3:    grunt_zot_stairs_overgrown, layout_twisted_circle, grunt_megastairs_1
Zot:4:    layout_misc_corridors, nicolae_transmutations_shop
Zot:5:    layout_cathedral_of_symmetry, grunt_ministairs_13, st_stairs_1

Skill      XL: |  1  2  3  4  5  6  7  8  9 10 11 12 13 14 15 16 17 18 19 20 21 22 23 24 25 26 27 |
---------------+----------------------------------------------------------------------------------+-----
Axes           | 2 3 4 5 6 8 9 11 12 13 15 17 18 19 20 21 22 25 | 25.0
Armour         | 4 5 6 7 8 9 10 12 13 14 16 18 19 21 22 23 25 27 | 27.0
Fighting       | 5 7 8 9 10 12 15 16 17 18 20 21 23 26 | 26.2
Invocations    | 2 5 7 9 10 11 19 | 19.7
Shields        | 12 13 18 22 25 | 25.0

Action                   |  1- 3 |  4- 6 |  7- 9 | 10-12 | 13-15 | 16-18 | 19-21 | 22-24 | 25-27 || total
-------------------------+-------+-------+-------+-------+-------+-------+-------+-------+-------++-------
Melee: War axe           |    35 |    13 |   281 |   292 |       |       |       |       |       ||   621
       Whip              |    65 |   234 |       |       |       |       |       |       |       ||   299
       Battleaxe         |       |       |       |   241 |   968 |   900 |       |       |       ||  2109
       Broad axe         |       |       |       |       |       |   376 |  1260 |  1840 |  3094 ||  6570
       Headbutt          |       |       |       |       |       |       |       |       |   473 ||   473
Throw: Boomerang         |       |       |     2 |       |       |       |       |       |       ||     2
Invok: Divine Shield     |       |       |       |     6 |     4 |     3 |       |       |     7 ||    20
       Cleansing Flame   |       |       |       |     3 |     3 |     5 |     5 |    14 |    37 ||    67
       Summon Divine War |       |       |       |     1 |     3 |     5 |     1 |       |     7 ||    17
       Brand Weapon With |       |       |       |       |       |       |       |     1 |       ||     1
Evoke: Wand              |       |     1 |     1 |     3 |     5 |       |       |       |       ||    10
  Use: Potion            |       |     3 |     1 |     1 |     2 |     6 |       |       |    26 ||    39
       Scroll            |       |       |    13 |    10 |     6 |    10 |    11 |     2 |    30 ||    82
Armor: Chain mail        |    68 |   160 |    30 |       |       |       |       |       |       ||   258
       Scale mail        |     2 |       |       |       |       |       |       |       |       ||     2
       Plate armour      |       |       |   145 |   513 |   726 |   107 |       |       |       ||  1491
       Gold dragon scale |       |       |       |       |       |  1038 |   537 |   536 |  1300 ||  3411
Dodge: Dodged            |    30 |    83 |    97 |   231 |   399 |   320 |   168 |   263 |   445 ||  2036
Block: Buckler           |    17 |    38 |    52 |    60 |       |       |       |       |       ||   167
       Other             |       |       |       |    20 |    19 |     1 |       |       |       ||    40
       Tower shield      |       |       |       |       |       |   303 |  1303 |  1704 |  3418 ||  6728
       Reflection        |       |       |       |       |       |       |    45 |    81 |    62 ||   188
